[Event "*** Titled Tuesday Blitz"]
[Site "Chess.com"]
[Date "2020.10.20"]
[Round "7"]
[White "kinga2008"]
[Black "zurzan"]
[Result "0-1"]
[WhiteElo "2158"]
[BlackElo "2017"]
[TimeControl "180+1"]
[EndTime "11:18:46 PDT"]
[Termination "zurzan won by resignation"]

1. e4 Nf6 2. e5 Nd5 3. c4 Nb6 4. d4 d6 5. exd6 cxd6 6. Nf3 g6 7. Nc3 Bg7 8. Be3 O-O 9. Qd2 Bg4 10. b3 Bxf3 11.
gxf3 e5 12. d5 f5 13. Be2 N8d7 14. O-O-O a5 15. f4 a4 16. b4 exf4 17. Bxf4 Ne5 18. Bxe5 Bxe5 19. f4 Bg7 20. Rhe1 Rc8 21. c5 dxc5 22. Nb5 cxb4+ 23. Kb1 Bc3 24. Nxc3 bxc3 25. Qc2 Rc5 26. d6 Nd5 27. Ka1 Ne3 28. Qd3 Nxd1 29.
Rxd1 c2 30. Rc1 Qf6+ 0-1

[Event "*** Titled Tuesday Blitz"]
[Site "Chess.com"]
[Date "2020.10.20"]
[Round "7"]
[White "ChristopherYoo"]
[Black "XDPS"]
[Result "1-0"]
[WhiteElo "2844"]
[BlackElo "2714"]
[TimeControl "180+1"]
[EndTime "11:18:49 PDT"]
[Termination "ChristopherYoo won by resignation"]

1. Nf3 d5 2. c4 c6 3. d4 Nf6 4. Nc3 e6 5. Qd3 dxc4 6. Qxc4 b5 7. Qd3 a6 8. a4 Bb7 9. e4 b4 10. e5 bxc3 11. exf6 cxb2 12. Bxb2 Bb4+ 13. Bc3 Qa5 14. Bxb4 Qxb4+ 15. Nd2 gxf6 16. Rb1 Qe7 17. Qg3 c5 18. Nc4 Kf8 19. Na5 Nd7 20. Rxb7 cxd4 21. Be2 Qc5 22.
Nb3 Qd5 23. Bf3 Qc4 24. Qd6+ Kg7 25. Qxd7 Qc3+ 26. Nd2 Qa1+ 27. Ke2 d3+ 28. Kxd3 Qa3+ 29. Ke2 Rhf8 30. Rb3 Qa2 31. Bxa8 1-0

[Event "*** Titled Tuesday Blitz"]
[Site "Chess.com"]
[Date "2020.10.20"]
[Round "7"]
[White "DenisQ"]
[Black "SARGISMV"]
[Result "1-0"]
[WhiteElo "2672"]
[BlackElo "2504"]
[TimeControl "180+1"]
[EndTime "11:18:49 PDT"]
[Termination "DenisQ won by resignation"]

1. Nf3 Nf6 2. g3 g6 3. Bg2 Bg7 4. O-O O-O 5. c4 c5 6. Nc3 Nc6 7. d4 cxd4 8. Nxd4 Ng4 9. e3 d6 10. b3 Nge5 11. h3 a6 12. Bb2 Nxd4 13. exd4 Nc6 14. d5 Ne5 15. Re1 Bf5 16. g4 Bc8 17. Qe2 Re8 18. Rad1 b5 19. c5 dxc5 20. d6 Ra7 21.
dxe7 Qxe7 22. Nd5 Qe6 23. Qc2 g5 24. Qxc5 Rd7 25. Nc7 Nf3+ 26. Bxf3 Qxe1+ 27. Rxe1 Rxe1+ 28. Kg2 Bxb2 29. Nd5 Bb7 30. Ne3 Bxf3+ 31. Kxf3 Rd8 32. Qxg5+ Kf8 33. Qxd8+ 1-0

[Event "*** Titled Tuesday Blitz"]
[Site "Chess.com"]
[Date "2020.10.20"]
[Round "7"]
[White "Rozum_Ivan"]
[Black "Guenplen"]
[Result "1-0"]
[WhiteElo "2752"]
[BlackElo "2833"]
[TimeControl "180+1"]
[EndTime "11:18:50 PDT"]
[Termination "Rozum_Ivan won by resignation"]

1. d4 d5 2. g3 Nf6 3. Bg2 c6 4. Nf3 Bf5 5. O-O e6 6. Nbd2 h6 7. c3 Nbd7 8. Ne1 Be7 9. f3 O-O 10. e4 Bh7 11. e5 Ne8 12. f4 c5 13. g4 Nc7 14. f5 cxd4 15. cxd4 Bg5 16. Nb3 Rc8 17. Bd2 Na8 18. Nf3 Bxd2 19. Qxd2 exf5 20. g5 hxg5 21. Nxg5 Nc7 22. Nxh7 Kxh7 23. Rxf5 Nb6 24.
Raf1 Ne6 25. Rxf7 Rxf7 26. Rxf7 Qh4 27. Qd3+ Kh8 28. Qh3 Qxh3 29. Bxh3 Rc6 30. Bxe6 Rxe6 31. Rxb7 Nc4 32. Rxa7 Rg6+ 33. Kf2 Rh6 34. Kg3 Rg6+ 35. Kf3 Rh6 36. Nc5 Nd2+ 37. Kg3 Rg6+ 38. Kf4 Rg2 39. e6 Nc4 40. e7 Rf2+ 41. Kg3 1-0

[Event "*** Titled Tuesday Blitz"]
[Site "Chess.com"]
[Date "2020.10.20"]
[Round "7"]
[White "Cambek64"]
[Black "vova-79"]
[Result "0-1"]
[WhiteElo "2296"]
[BlackElo "2490"]
[TimeControl "180+1"]
[EndTime "11:18:50 PDT"]
[Termination "vova-79 won by resignation"]

1. e4 e6 2. d4 d6 3. c4 c5 4. d5 exd5 5. exd5 Be7 6. Bd3 Bf6 7.
Nc3 Ne7 8. h3 Bf5 9. Nf3 O-O 10.
O-O Na6 11. a3 Nc7 12. Re1 Qd7 13. Bg5 Bxg5 14. Nxg5 Rfe8 15. Qf3 Bxd3 16. Qxd3 Qf5 17. Qxf5 Nxf5 18. Nf3 Kf8 19. Kf1 Rab8 20. Rxe8+ Kxe8 21. Re1+ Kf8 22. g4 Ne7 23. Ng5 h5 24. Nh7+ Ke8 25.
Kg2 hxg4 26. hxg4 Kd7 27. f4 Ng6 28. Kg3 f6 29. a4 Rh8 30. Rh1 Kd8 31. f5 Nf8 32. Ne4 Rxh7 33. Rxh7 Nxh7 34. Nxd6 b6 35. Kf4 Ng5 36. b3 Kd7 37. Nb5 Nxb5 38. axb5 Kd6 39.
Ke3 Ke5 0-1

[Event "*** Titled Tuesday Blitz"]
[Site "Chess.com"]
[Date "2020.10.20"]
[Round "7"]
[White "doons21"]
[Black "UmarovSabir"]
[Result "1-0"]
[WhiteElo "2550"]
[BlackElo "2351"]
[TimeControl "180+1"]
[EndTime "11:18:51 PDT"]
[Termination "doons21 won on time"]

1. e4 g6 2. d4 Bg7 3. c3 d5 4. exd5 Qxd5 5. Nf3 c5 6. Be2 cxd4 7. cxd4 Nf6 8. Nc3 Qa5 9. O-O O-O 10. Qb3 Nbd7 11. Bd2 Qb6 12. Qa3 Re8 13. Bc4 Nf8 14. Rfe1 e6 15. d5 Ng4 16. Re2 Qc7 17. Qb3 e5 18. d6 Qd7 19. Bb5 Qe6 20. Bxe8 Qxe8 21. h3 Nh6 22.
Nxe5 Bxe5 23. Bxh6 Be6 24. Rxe5 Bxb3 25. Rxe8 Rxe8 26.
axb3 1-0

[Event "*** Titled Tuesday Blitz"]
[Site "Chess.com"]
[Date "2020.10.20"]
[Round "7"]
[White "Trickov"]
[Black "IANOV0007"]
[Result "1/2-1/2"]
[WhiteElo "2346"]
[BlackElo "2482"]
[TimeControl "180+1"]
[EndTime "11:18:52 PDT"]
[Termination "Game drawn by repetition"]

1. d4 d6 2. Nf3 g6 3. g3 Bg7 4.
Bg2 Nf6 5. c4 O-O 6. Nc3 c6 7.
O-O Bf5 8. Nh4 Be6 9. d5 cxd5 10.
cxd5 Bd7 11. e4 Na6 12. Nf3 Nc5 13. Nd4 a5 14. h3 Qb6 15. Nb3 a4 16. Nxc5 Qxc5 17.
Be3 Qb4 18. Qd2 Rfc8 19. a3 Qb3 20. Rab1 Ne8 21. Bd4 Bxd4 22. Qxd4 Rc4 23. Qd1 Rac8 24. Qxb3 axb3 25. Rfd1 f5 26. Bf1 R4c5 27. Rd4 Nf6 28. exf5 Bxf5 29. Re1 Rxc3 30. bxc3 b2 31. Rb4 b1=Q 32.
Rexb1 Bxb1 33. Rxb1 Rxc3 34. Rxb7 Rxa3 35. Rxe7 Rc3 36.
Re6 Nxd5 37. Rxd6 Ne7 38. Rd7 Kf8 39. Kg2 g5 40. Be2 h6 41. Bh5 Rc6 42. Rd8+ Kg7 43. Rd7 Kf6 44. Rd8 Kg7 45. Rd7 Kf6 46. Rd8 Kg7 1/2-1/2

[Event "*** Titled Tuesday Blitz"]
[Site "Chess.com"]
[Date "2020.10.20"]
[Round "7"]
[White "MisiekZielony"]
[Black "jonaszmb"]
[Result "1-0"]
[WhiteElo "2286"]
[BlackElo "2395"]
[TimeControl "180+1"]
[EndTime "11:18:53 PDT"]
[Termination "MisiekZielony won by resignation"]

1. c4 Nf6 2. Nc3 e6 3. e4 d5 4. cxd5 exd5 5. e5 d4 6. exf6 dxc3 7. Qe2+ Be6 8. dxc3 Qxf6 9. Qb5+ Nd7 10. Qxb7 Rd8 11. Nf3 Bc5 12. Bg5 Qf5 13. Bxd8 Kxd8 14. Qa8+ Ke7 15.
Qxh8 Ne5 16. Nxe5 Qxf2+ 17. Kd1 Qxb2 18. Rc1 Bxa2 19. Bc4 Bxc4 20. Nxc4 Qb3+ 21. Kd2 Qxc4 22. Rhe1+ Kf6 23. Qd8+ Kg6 24. Qd3+ Qxd3+ 25. Kxd3 a5 26. Ra1 Bb6 27. Re7 f5 28. Re6+ Kg5 29. Rxb6 cxb6 30. Rb1 a4 31. Rxb6 1-0

[Event "*** Titled Tuesday Blitz"]
[Site "Chess.com"]
[Date "2020.10.20"]
[Round "7"]
[White "NeverW84M8"]
[Black "night_player"]
[Result "1-0"]
[WhiteElo "2465"]
[BlackElo "2286"]
[TimeControl "180+1"]
[EndTime "11:18:54 PDT"]
[Termination "NeverW84M8 won by checkmate"]

1. d4 f5 2. Bg5 d6 3. e4 fxe4 4. Nc3 Nf6 5. f3 Nbd7 6. fxe4 e5 7. Nf3 exd4 8. Qxd4 Be7 9. O-O-O O-O 10. Bc4+ Kh8 11.
h4 a6 12. Kb1 b5 13. Bd5 c5 14. Qd2 Rb8 15. Bxf6 Nxf6 16. Ng5 b4 17. Ne2 Nxd5 18.
Qxd5 Qe8 19. Rdf1 Bf6 20. Nf4 Bb7 21. Qxd6 Rd8 22. Qxc5 Rc8 23. Qxb4 Rb8 24. Nfe6 Bd5 25. Qxf8+ Qxf8 26. Nxf8 Bxb2 27. Nd7 Rb5 28. Rf8+ Bg8 29. Nf7# 1-0

[Event "*** Titled Tuesday Blitz"]
[Site "Chess.com"]
[Date "2020.10.20"]
[Round "7"]
[White "fabianvivasz"]
[Black "kai_nov"]
[Result "0-1"]
[WhiteElo "2435"]
[BlackElo "2288"]
[TimeControl "180+1"]
[EndTime "11:18:54 PDT"]
[Termination "kai_nov won on time"]

1. e4 c5 2. Nc3 e6 3. Nf3 d5 4. exd5 exd5 5. Bb5+ Nc6 6. d4 Nf6 7.
O-O Be7 8. dxc5 Bxc5 9. Re1+ Be6 10. Nd4 O-O 11. Be3 Qd6 12. h3 h6 13. a3 Rfe8 14.
Qd3 Re7 15. Rad1 Rd8 16. Nf5 Bxf5 17. Bxc5 Rxe1+ 18. Rxe1 Bxd3 19. Bxd6 Bxb5 20. Nxb5 a6 21. Bc7 Rd7 0-1

[Event "*** Titled Tuesday Blitz"]
[Site "Chess.com"]
[Date "2020.10.20"]
[Round "7"]
[White "Kazmin_Dmitrij"]
[Black "anon481216"]
[Result "0-1"]
[WhiteElo "2261"]
[BlackElo "2407"]
[TimeControl "180+1"]
[EndTime "11:18:55 PDT"]
[Termination "anon481216 won by resignation"]

1. e4 c5 2. c3 d5 3. exd5 Qxd5 4. d4 Nf6 5. Nf3 e6 6. Be2 Nc6 7. O-O cxd4 8. cxd4 Be7 9. Nc3 Qd6 10.
a3 O-O 11. b4 b6 12. Nb5 Qd7 13. Bb2 Bb7 14. Ne5 Nxe5 15. dxe5 Nd5 16. Nd4 Rac8 17.
Bf3 Rc4 18. Qd2 Rfc8 19. Rad1 h6 20. h3 Bg5 21. Qe1 Nf4 22. Nf5 Qc7 23. Nd6 Bxf3 24. gxf3 Nxh3+ 25. Kh2 Rh4 26. Nxc8 Nxf2+ 27. Kg2 Nxd1 28.
Qxd1 Qxc8 29. Qd6 Qc2+ 30. Rf2 Rh2+ 31. Kxh2 Qxf2+ 32. Kh1 Qxb2 0-1

[Event "*** Titled Tuesday Blitz"]
[Site "Chess.com"]
[Date "2020.10.20"]
[Round "7"]
[White "MaxLeto"]
[Black "UKR_Master"]
[Result "0-1"]
[WhiteElo "2334"]
[BlackElo "2456"]
[TimeControl "180+1"]
[EndTime "11:18:56 PDT"]
[Termination "UKR_Master won on time"]

1. g4 d5 2. Bg2 e5 3. d4 e4 4. g5 Ne7 5. c4 c6 6. Nc3 Be6 7. Qb3 Qb6 8. c5 Qxb3 9. axb3 Na6 10.
Bf4 Kd7 11. f3 Ng6 12. Bg3 exf3 13. Nxf3 Nc7 14. h4 h5 15. b4 Be7 16. Kd2 a6 17. Na4 Rae8 18. Nb6+ Kd8 19. Rhf1 Nb5 20. e3 f6 21. Rf2 Bg4 22. Raf1 Rhf8 23. Nh2 fxg5 24. Nxg4 gxh4 25. Rxf8 Rxf8 26. Rxf8+ Nxf8 27. Ne5 hxg3 0-1

[Event "*** Titled Tuesday Blitz"]
[Site "Chess.com"]
[Date "2020.10.20"]
[Round "7"]
[White "Leonid_Starozhilov"]
[Black "Shuvalov"]
[Result "0-1"]
[WhiteElo "2618"]
[BlackElo "2483"]
[TimeControl "180+1"]
[EndTime "11:18:57 PDT"]
[Termination "Shuvalov won on time"]

1. b3 d5 2. Bb2 Nf6 3. Nf3 Bf5 4. e3 e6 5. c4 c6 6. Be2 h6 7. O-O Nbd7 8. Nc3 Bd6 9. d4 O-O 10. a4 a5 11. Ba3 Bxa3 12. Rxa3 Qe7 13. Ra1 Rfd8 14.
Bd3 Bxd3 15. Qxd3 e5 16. Qc2 Rac8 17. Rfd1 c5 18. Nxd5 Nxd5 19. cxd5 cxd4 20. Qe4 dxe3 21. Qxe3 e4 22. Nd4 Nf6 23. Nf5 Qe5 24. Qh3 Nxd5 25. Ne3 Nf4 26. Qg4 h5 27. Qh4 g5 0-1

[Event "*** Titled Tuesday Blitz"]
[Site "Chess.com"]
[Date "2020.10.20"]
[Round "7"]
[White "GigaQuparadze"]
[Black "bascheyaro"]
[Result "1-0"]
[WhiteElo "2880"]
[BlackElo "2737"]
[TimeControl "180+1"]
[EndTime "11:18:58 PDT"]
[Termination "GigaQuparadze won by resignation"]

1. e4 e6 2. d4 d5 3. Nd2 c5 4.
Ngf3 Nc6 5. exd5 exd5 6. Bb5 c4 7. b3 cxb3 8. axb3 Bd6 9. O-O Ne7 10. c4 O-O 11. c5 Bc7 12. Re1 a6 13. Bd3 Bf5 14.
Nf1 Qd7 15. Ng3 Bg6 16. Bg5 Rae8 17. Bxe7 Rxe7 18. Rxe7 Qxe7 19. Bxg6 hxg6 20. Nf1 Bf4 21. g3 Bh6 22. Kg2 Re8 23. h4 g5 24. hxg5 Bxg5 25.
Qd3 Bf6 26. Re1 Qd7 27. Rxe8+ Qxe8 28. N1d2 g6 29. Qe3 Qe6 30. Nb1 Qg4 31. Nc3 Nxd4 32. Nxd5 Qxf3+ 33. Qxf3 Nxf3 34. Nxf6+ Kg7 35. Nh5+ gxh5 36.
Kxf3 f5 37. Ke3 Kf6 38. f4 Ke6 39. Kd4 Kd7 40. Ke5 Kc6 41. Kxf5 Kxc5 42. Ke6 1-0

[Event "*** Titled Tuesday Blitz"]
[Site "Chess.com"]
[Date "2020.10.20"]
[Round "7"]
[White "Mikhail_Golubev"]
[Black "RobertoJBM"]
[Result "1-0"]
[WhiteElo "2544"]
[BlackElo "2676"]
[TimeControl "180+1"]
[EndTime "11:19:01 PDT"]
[Termination "Mikhail_Golubev won by resignation"]

1. e4 c6 2. d4 d5 3. Nc3 dxe4 4.
Nxe4 Nd7 5. Ng5 Ngf6 6. Bd3 e6 7. N1f3 Bd6 8. Qe2 h6 9. Ne4 Nxe4 10. Qxe4 Qc7 11. a4 c5 12. O-O c4 13. Be2 Nf6 14. Qh4 b6 15. Ne5 Bxe5 16. dxe5 Nd7 17. Bxc4 Nxe5 18.
Bb5+ Bd7 19. Qg3 Bxb5 20. axb5 Qc5 21. Be3 Qxb5 22. Qxg7 Ng6 23. Rfd1 h5 24. Qf6 Rg8 25. Rxa7 1-0

[Event "*** Titled Tuesday Blitz"]
[Site "Chess.com"]
[Date "2020.10.20"]
[Round "7"]
[White "Brave_spirit12"]
[Black "JonahWillow"]
[Result "0-1"]
[WhiteElo "2471"]
[BlackElo "2644"]
[TimeControl "180+1"]
[EndTime "11:19:01 PDT"]
[Termination "JonahWillow won by checkmate"]

1. e4 c5 2. c3 Nf6 3. e5 Nd5 4. d4 cxd4 5. Nf3 g6 6. Qxd4 Nc7 7. e6 f6 8. exd7+ Bxd7 9. Bc4 Nc6 10. Qh4 Be6 11.
O-O Bxc4 12. Qxc4 Qd5 13. Qh4 Bg7 14. Bh6 O-O 15. Na3 Rad8 16. Nc2 e5 17. Ne3 Qf7 18. Bxg7 Kxg7 19. Rfd1 Ne6 20. Qg4 f5 21. Qc4 e4 22.
Ne1 Ne5 23. Qb3 f4 24. Nd5 f3 25. g3 Nc5 26. Qb5 Rxd5 27. Rd4 Rfd8 28. Rad1 Ned3 29. Nxd3 Nxd3 30. Rxd5 Qxd5 31. Qa4 e3 32. fxe3 f2+ 33. Kf1 Qh1+ 34. Ke2 Qe1+ 35. Kf3 f1=Q+ 36. Kg4 Qf5+ 37.
Kh4 Qh5# 0-1

[Event "*** Titled Tuesday Blitz"]
[Site "Chess.com"]
[Date "2020.10.20"]
[Round "7"]
[White "talman67"]
[Black "tdf98pantani"]
[Result "0-1"]
[WhiteElo "2526"]
[BlackElo "2719"]
[TimeControl "180+1"]
[EndTime "11:19:02 PDT"]
[Termination "tdf98pantani won by resignation"]

1. e4 e5 2. Nf3 Nc6 3. Bb5 a6 4. Ba4 Nf6 5. O-O Be7 6. Re1 b5 7. Bb3 d6 8. c3 O-O 9. h3 Re8 10. d4 Bb7 11. Nbd2 Bf8 12. a4 h6 13. Bc2 exd4 14.
cxd4 Nb4 15. Bb1 c5 16. d5 Nd7 17. Ra3 c4 18. axb5 axb5 19. Nd4 Nc5 20. Nxb5 Ncd3 21. Nxc4 Nxe1 22. Qxe1 Nxd5 23. Rg3 Ra1 24. Bxh6 Nf6 25. e5 Ne4 26. Rg4 d5 27. Ncd6 Nxd6 28. Nxd6 Qxd6 29.
Bxg7 Bxg7 30. Bh7+ Kxh7 31. Qxa1 Qxe5 32. Qa7 Re7 33.
Qb6 Qe1+ 34. Kh2 d4 35. Rh4+ Kg8 36. Qd8+ Re8 37. Qg5 Qe5+ 0-1

[Event "*** Titled Tuesday Blitz"]
[Site "Chess.com"]
[Date "2020.10.20"]
[Round "7"]
[White "AlexeiShirov"]
[Black "Gusarov91"]
[Result "0-1"]
[WhiteElo "2802"]
[BlackElo "2608"]
[TimeControl "180+1"]
[EndTime "11:19:03 PDT"]
[Termination "Gusarov91 won by resignation"]

1. e4 e5 2. Nf3 Nf6 3. Nc3 Bb4 4.
Nxe5 O-O 5. Nd3 Bxc3 6. dxc3 Nxe4 7. Nf4 Re8 8. Be2 c6 9. O-O d5 10. c4 d4 11. f3 Nf6 12. b3 c5 13. g4 h6 14. h4 Nh7 15. Qe1 d3 16. Nxd3 Qd4+ 17. Kg2 Qxa1 18. Qd2 Qf6 19. Bb2 Qxh4 20. Rh1 Qg5 21.
f4 Bxg4 22. fxg5 Rxe2+ 23. Qxe2 Bxe2 24. Nf4 Bg4 25. gxh6 gxh6 26. Rxh6 Nc6 27. Nd5 Nd4 28. Rd6 Bf3+ 29. Kf2 Bxd5 30. Rxd5 Nf6 31. Rg5+ Kf8 32. Ke3 Re8+ 33. Kd3 b6 34. Bxd4 cxd4 35. a4 Rd8 36. a5 Rd6 37. b4 Nd7 38. c5 bxc5 39. bxc5 Ra6 40. Rd5 Ke7 41. Kxd4 Rxa5 42. c4 Ra6 43. Rh5 Rc6 44. Rf5 a5 45. Rh5 a4 46. Rf5 Rxc5 0-1

[Event "*** Titled Tuesday Blitz"]
[Site "Chess.com"]
[Date "2020.10.20"]
[Round "7"]
[White "AleksibFan"]
[Black "Shahinyan_ChessMood"]
[Result "0-1"]
[WhiteElo "2572"]
[BlackElo "2733"]
[TimeControl "180+1"]
[EndTime "11:19:04 PDT"]
[Termination "Shahinyan_ChessMood won on time"]

1. d4 Nf6 2. Bg5 d5 3. Bxf6 exf6 4. e3 Bd6 5. g3 c6 6. Bg2 O-O 7. Ne2 f5 8. O-O Nd7 9. b3 Nf6 10. c4 dxc4 11. bxc4 g6 12. Nbc3 Re8 13. Qd3 Qe7 14. Rab1 h5 15. Rb2 h4 16. Rfb1 hxg3 17. hxg3 Kg7 18.
c5 Bc7 19. Rxb7 Bxb7 20. Rxb7 Reb8 21. Bxc6 Rxb7 22. Bxb7 Rb8 23. Bf3 Ba5 24. c6 Rb2 25. d5 Ne8 26. e4 fxe4 27. Nxe4 Bc7 28. Qd4+ Be5 29. Qc5 Qxc5 30. Nxc5 Rxa2 31. Nd7 Bd6 32. Nc3 Ra1+ 33. Nd1 a5 34. Kg2 a4 35. Ne3 a3 36. Nc4 a2 37. Nxd6 Nxd6 38. Nb6 Rc1 0-1

[Event "*** Titled Tuesday Blitz"]
[Site "Chess.com"]
[Date "2020.10.20"]
[Round "7"]
[White "Sueetin"]
[Black "julinha97"]
[Result "1-0"]
[WhiteElo "2360"]
[BlackElo "2233"]
[TimeControl "180+1"]
[EndTime "11:19:09 PDT"]
[Termination "Sueetin won by resignation"]

1. d4 Nf6 2. c4 g6 3. Nc3 d5 4. cxd5 Nxd5 5. e4 Nxc3 6. bxc3 c5 7. Bb5+ Nd7 8. Nf3 Bg7 9. Rb1 O-O 10. d5 Bxc3+ 11.
Bd2 Bg7 12. O-O a6 13. Bxd7 Qxd7 14. Rc1 b6 15. Bc3 Bb7 16. Qd2 f5 17. Bxg7 Kxg7 18. Ng5 Rf6 19. e5 Rff8 20. Ne6+ Kg8 21. Nxf8 Rxf8 22.
d6 Rd8 23. Rcd1 Qc6 24. f3 e6 25.
d7 Kf7 26. Qg5 Rxd7 27. Qf6+ Kg8 28. h4 Rd5 29. h5 Qe8 30. h6 Qd7 31. Rxd5 Bxd5 32.
Rd1 c4 33. Rxd5 exd5 34. e6 Qc7 35.
e7 Qc5+ 36. Kh1 1-0

[Event "*** Titled Tuesday Blitz"]
[Site "Chess.com"]
[Date "2020.10.20"]
[Round "7"]
[White "Tooweak2slow03"]
[Black "Kurai"]
[Result "1-0"]
[WhiteElo "2776"]
[BlackElo "2586"]
[TimeControl "180+1"]
[EndTime "11:19:10 PDT"]
[Termination "Tooweak2slow03 won by checkmate"]

1. e4 e5 2. Nf3 Nc6 3. Nc3 Nf6 4. a3 Be7 5. d4 d6 6. Bb5 exd4 7. Nxd4 Bd7 8. O-O Nxd4 9. Bxd7+ Nxd7 10. Qxd4 Bf6 11. Qe3 Bxc3 12. Qxc3 O-O 13. Be3 Re8 14. f3 Nf8 15.
Rad1 Ne6 16. Rd5 Qd7 17. Rfd1 Qc6 18. Qd2 Re7 19. c3 Rae8 20. Qf2 b6 21. Qg3 a5 22.
h4 Qa4 23. h5 Qc2 24. R1d2 Qc1+ 25. Kh2 Qf1 26. h6 g6 27. Qh4 f6 28. Qxf6 Rf7 29.
Qh4 Ref8 30. Qg3 a4 31. e5 c6 32. Rxd6 Rf5 33. Qg4 Rh5+ 34. Kg3 Qe1+ 35. Rf2 Nc5 36.
Rxg6+ Kh8 37. Qd4 hxg6 38. e6+ Kh7 39. Qg7# 1-0

[Event "*** Titled Tuesday Blitz"]
[Site "Chess.com"]
[Date "2020.10.20"]
[Round "7"]
[White "Caterpiller35"]
[Black "Stalri"]
[Result "0-1"]
[WhiteElo "2421"]
[BlackElo "2194"]
[TimeControl "180+1"]
[EndTime "11:19:15 PDT"]
[Termination "Stalri won on time"]

1. d4 g6 2. e4 Bg7 3. Nc3 c6 4. h4 d5 5. h5 dxe4 6. Nxe4 Bf5 7. Ng3 Qxd4 8. Qxd4 Bxd4 9. Nxf5 gxf5 10. Nf3 Bf6 11. Bd3 e6 12. c3 Ne7 13. Be3 Nd7 14. O-O-O O-O-O 15. a4 Nd5 16. Bxa7 b6 17. a5 bxa5 18. Bd4 e5 19. Bxf5 exd4 20. Nxd4 Kc7 21. g3 Nc5 22. Kc2 Rhe8 23. Bxh7 Bxd4 24. Rxd4 Re2+ 25.
Kb1 Rb8 26. Bc2 Nxc3+ 27. Kc1 Na2+ 28. Kd1 Rxf2 29. h6 Nb4 30. Bb1 Rxb2 31. Kc1 Nbd3+ 32.
Bxd3 Nxd3+ 33. Rxd3 Rb1+ 0-1

[Event "*** Titled Tuesday Blitz"]
[Site "Chess.com"]
[Date "2020.10.20"]
[Round "7"]
[White "VMikhalevski"]
[Black "GM_Levan_Pantsulaia"]
[Result "0-1"]
[WhiteElo "2711"]
[BlackElo "2863"]
[TimeControl "180+1"]
[EndTime "11:19:17 PDT"]
[Termination "GM_Levan_Pantsulaia won by resignation"]

1. d4 Nf6 2. Nf3 c5 3. d5 g6 4.
c4 e6 5. Nc3 exd5 6. cxd5 d6 7.
Bf4 Bg7 8. e3 O-O 9. h3 Na6 10.
Be2 Nc7 11. a4 a6 12. a5 Rb8 13. O-O b5 14. axb6 Rxb6 15. Ra2 Nfxd5 16. Nxd5 Nxd5 17. Bg5 Qc7 18. Nd2 Nb4 19. Ra5 d5 20. Bf4 Qe7 21.
b3 Be6 22. e4 dxe4 23. Nxe4 Bd4 24. Bg5 f6 25. Bh6 Rd8 26. Qc1 Bd5 27. Ng3 Bxb3 28.
Re1 Qc7 29. Bf4 Qb7 30. Bc4+ Bxc4 31. Qxc4+ Qd5 32. Qe2 Nd3 33. Bc7 Bxf2+ 34. Kh2 Bxe1 35. Ne4 Bxa5 36. Bxb6 Qe5+ 37. g3 Bxb6 38. Qf3 Kg7 0-1

[Event "*** Titled Tuesday Blitz"]
[Site "Chess.com"]
[Date "2020.10.20"]
[Round "7"]
[White "Natalya_Buksa"]
[Black "FredyMatsuura"]
[Result "1-0"]
[WhiteElo "2562"]
[BlackElo "2391"]
[TimeControl "180+1"]
[EndTime "11:19:18 PDT"]
[Termination "Natalya_Buksa won on time"]

1. d4 Nf6 2. Nc3 d5 3. Bf4 c6 4.
e3 Bf5 5. Nf3 h6 6. Ne5 Nbd7 7.
g4 Bh7 8. h4 Nxe5 9. dxe5 Nd7 10. Qd2 e6 11. O-O-O Qa5 12. a3 O-O-O 13. Bd3 Bxd3 14.
Qxd3 Nc5 15. Qd4 Qb6 16. e4 dxe4 17. Qxd8+ Qxd8 18. Rxd8+ Kxd8 19. Rd1+ Kc7 20. b4 Nd7 21. Nxe4 Nb6 22. Kb2 Be7 23. h5 Rd8 24. Rxd8 Kxd8 25.
Kb3 Kc7 26. c4 Nd7 27. Kc3 Nb6 28. Be3 Bf8 29. g5 Nd7 30. gxh6 gxh6 31. f4 Be7 32.
Nf2 f5 33. Nd1 b6 34. Kb3 Bh4 35. Nc3 Nb8 36. Ne2 Nd7 37. Nd4 Nf8 38. a4 Be1 39. Nf3 Bg3 40. a5 bxa5 41. bxa5 a6 42. Kb4 Nd7 43.
Kc3 Nf8 44. Kd3 Nd7 45. Ke2 c5 46. Kf1 1-0

[Event "*** Titled Tuesday Blitz"]
[Site "Chess.com"]
[Date "2020.10.20"]
[Round "7"]
[White "BikingBrian"]
[Black "lucachess49"]
[Result "1-0"]
[WhiteElo "2260"]
[BlackElo "2353"]
[TimeControl "180+1"]
[EndTime "11:19:18 PDT"]
[Termination "BikingBrian won on time"]

1. d4 Nf6 2. Bg5 c5 3. Nc3 cxd4 4. Qxd4 Nc6 5. Qh4 e6 6. e4 Be7 7. O-O-O h6 8. f4 Qb6 9. e5 Qe3+ 10. Kb1 Ng8 11. Bxe7 Ngxe7 12. Bd3 g5 13. fxg5 Qxg5 14.
Qxg5 hxg5 15. Re1 Kd8 16. Nf3 Rg8 17. h4 gxh4 18. Rxh4 a6 19. g4 b5 20. Ne4 Bb7 21. Nf6 Kc7 22. Nxg8 Rxg8 23. Be4 Ng6 24. Rh5 Nf4 25.
Rg5 Rh8 26. a3 Rh3 27. Ng1 Rg3 28. Ne2 Nxe2 29. Rxe2 Rg1+ 30. Ka2 Nd4 31. Rg2 Rxg2 32. Bxg2 Bxg2 33. Rg7 Nxc2 34. Rxf7 Bd5+ 35. b3 Nd4 36. g5 Be4 37. Rf4 1-0

[Event "*** Titled Tuesday Blitz"]
[Site "Chess.com"]
[Date "2020.10.20"]
[Round "7"]
[White "shnitez"]
[Black "gumimis"]
[Result "1-0"]
[WhiteElo "2443"]
[BlackElo "2277"]
[TimeControl "180+1"]
[EndTime "11:19:19 PDT"]
[Termination "shnitez won by resignation"]

1. d4 Nf6 2. c4 c5 3. Nf3 b5 4. cxb5 a6 5. bxa6 d5 6. e3 c4 7. b3 Bxa6 8. bxc4 Bxc4 9. Bxc4 dxc4 10. O-O e6 11. a4 Bd6 12. Ba3 O-O 13. Qc2 Bxa3 14.
Nxa3 Qd7 15. Nxc4 Rc8 16. Qd3 Qc6 17. Nfe5 Qa6 18. Rfb1 Nbd7 19. a5 Nxe5 20. Nxe5 Nd5 21. Qxa6 Rxa6 22. g3 Rca8 23. Rb7 f6 24. Nc4 Rc8 25.
Nb6 Nxb6 26. Rxb6 Rxb6 27. axb6 Rb8 28. Rb1 Kf7 29. Kf1 Ke7 30. Ke2 Kd6 31. Kd3 Kc6 32.
Kc4 Rxb6 33. Rxb6+ Kxb6 34. d5 Kc7 35. Kc5 exd5 36.
Kxd5 Kd7 37. e4 Ke7 38. f4 h5 39. e5 fxe5 40. fxe5 g6 41. e6 g5 42. Ke5 h4 43. g4 h3 44. Kf5 Kd6 45. Kf6 1-0

[Event "*** Titled Tuesday Blitz"]
[Site "Chess.com"]
[Date "2020.10.20"]
[Round "7"]
[White "gagtemp"]
[Black "Bwert2602"]
[Result "0-1"]
[WhiteElo "1958"]
[BlackElo "2260"]
[TimeControl "180+1"]
[EndTime "11:19:19 PDT"]
[Termination "Bwert2602 won by resignation"]

1. e4 e6 2. d4 d5 3. Nc3 dxe4 4.
Nxe4 Nf6 5. Nxf6+ gxf6 6. Be3 Bd7 7. Qd2 Bc6 8. O-O-O Nd7 9. Kb1 b5 10. Nf3 Nb6 11. Bd3 Rg8 12. Rhg1 f5 13. Bh6 Be7 14. c3 Nc4 15. Qe2 Qd5 16. Bxc4 bxc4 17. Ne5 Qe4+ 18.
Qxe4 Bxe4+ 19. Ka1 Bd5 20. f3 f6 21. Nxc4 Bxc4 22. g3 Kf7 23. Rge1 a5 24. Rd2 a4 25.
Bf4 Bd6 26. Be3 Rgb8 27. Bf2 Rb7 28. h4 Rab8 29. g4 Bf4 30. Rc2 Bd3 31. Rce2 Bxe2 32.
Rxe2 fxg4 33. fxg4 Bc1 34. Rc2 0-1

[Event "*** Titled Tuesday Blitz"]
[Site "Chess.com"]
[Date "2020.10.20"]
[Round "7"]
[White "zajka-molotok"]
[Black "Kildepiotr"]
[Result "0-1"]
[WhiteElo "2493"]
[BlackElo "2667"]
[TimeControl "180+1"]
[EndTime "11:19:21 PDT"]
[Termination "Kildepiotr won by resignation"]

1. d4 c5 2. d5 e5 3. e4 d6 4. c4 Be7 5. Bd3 Bg5 6. Nd2 Ne7 7. Ngf3 Bh6 8. O-O O-O 9. a3 Nd7 10. b4 a5 11. Rb1 axb4 12. axb4 cxb4 13. Rxb4 Nc5 14.
Bc2 Ra1 15. Rb1 Rxb1 16. Nxb1 Bxc1 17. Qxc1 h6 18. Nc3 Bd7 19. Qb2 Qa5 20. Ra1 Qc7 21.
Nd2 f5 22. exf5 Nxf5 23. Bxf5 Bxf5 24. Qa3 Qf7 25. f3 Qg6 26. Kh1 Nd3 27. Nce4 Nf4 28. g3 Ne2 29. Qxd6 Bxe4 30. Nxe4 Qh5 31. Rf1 Rxf3 32. Kg2 Rxf1 33. Kxf1 Nd4 34. Qd8+ Kh7 35. Qf8 Qe2+ 36. Kg1 Nf3+ 37. Qxf3 Qxf3 38. Ng5+ hxg5 0-1